 Dungeon Crawl Stone Soup version 0.13.1-22-g086cdba (webtiles) character file.

249 Kae the Insei (level 4, -9/35 HPs)
             Began as a Draconian Transmuter on Jan 1, 2014.
             Mangled by Grinder (11 damage)
             ... on Level 3 of the Dungeon.
             The game lasted 00:05:25 (2620 turns).

Kae the Insei (Draconian Transmuter)                Turns: 2620, Time: 00:05:25

HP  -9/35        AC  5     Str 12      XL: 4   Next: 58%
MP   6/6         EV 12     Int 14      God:
Gold 141         SH  0     Dex 12      Spells:  1 memorised,  6 levels left

Res.Fire  : . . .   See Invis. : .     - Unarmed
Res.Cold  : . . .   Warding    : .   (armour unavailable)
Life Prot.: . . .   Conserve   : .   (no shield)
Res.Poison: .       Res.Corr.  : .   (helmet restricted)
Res.Elec. : .       Clarity    : .   (no cloak)
Sust.Abil.: . .     Spirit.Shd : .   (no gloves)
Res.Mut.  : .       Stasis     : .   (boots unavailable)
Res.Rott. : .       Flight     : .   (no amulet)
Saprovore : . . .                    (no ring)
                                     (no ring)

@: appendage (expiring), quite poisoned, slightly resistant to hostile
enchantments, unstealthy
A: unfitting armour, talons 3, AC +5
a: End Transformation


You were on level 3 of the Dungeon.
You were hungry.
You had grown temporary talons.
You visited 1 branch of the dungeon, and saw 3 of its levels.

You collected 121 gold pieces.

Inventory:

Missiles
 b - 70 arrows
Magical devices
 n - a wand of polymorph (0)
Comestibles
 a - 2 bread rations
 h - 3 meat rations
Scrolls
 e - 2 scrolls of enchant weapon I {unknown}
 f - 2 scrolls of identify {unknown}
 g - 2 scrolls of blinking {unknown}
 i - 2 scrolls of magic mapping {unknown}
 p - a scroll of enchant weapon II {unknown}
 q - a scroll of noise {unknown}
 r - a scroll of amnesia {unknown}
Potions
 c - a potion of curing
 j - a potion of brilliance {unknown}
 k - a potion of poison
 l - a potion of heal wounds {unknown}
 m - a potion of restore abilities {unknown}
 o - a potion of slowing {unknown}
 s - a potion of speed {unknown}
Books
 d - a book of Changes

   Spells                             Type                      Level
   *Beastly Appendage                 Transmutation                1
   Sticks to Snakes                   Transmutation                2
   Spider Form                        Transmutation/Poison         3
   Ice Form                           Ice/Transmutation            4
   Blade Hands                        Transmutation                5


   Skills:
 - Level 1.1 Fighting
 - Level 1.7 Dodging
 * Level 4.8 Unarmed Combat
 - Level 2.0 Spellcasting
 + Level 3.0 Transmutations


You had 6 spell levels left.
You knew the following spells:

 Your Spells              Type           Power        Failure   Level  Hunger
a - Beastly Appendage     Trmt           #.....       10%         1    ##.....


Dungeon Overview and Level Annotations

Branches:
Dungeon (3/27)

Altars:
Lugonu

Portals:
Abyss: D:1

Annotations:
D:3 Grinder


Innate Abilities, Weirdness & Mutations

Your plain brown scales are hard (AC +5).
Your body does not fit into most forms of armour.
Your cold-blooded metabolism reacts poorly to cold.
You have claws for feet.


Message History

You resist. The goblin barely misses you. Grinder gestures at you. You resist.
The goblin barely misses you. Grinder hits you but does no damage.
The goblin hits you.
* * * LOW HITPOINT WARNING * * *
Grinder barely misses you.
You can move again.
Unknown command.
Unknown command.
Unknown command.
Unknown command.
Drink which item? (? for menu, Esc to quit)
That liquid tasted very nasty...
You are poisoned.
It was a potion of poison.
Your transformation is almost over.
* * * LOW HITPOINT WARNING * * *
You feel sick. The goblin closely misses you. Grinder hits you!
You die...

#.# #.#
#.# #.#
#.# #.#
#%# #.#
#.# #.# .
#.# #.#
#.# #.#
#.# #.#
#.# #.#
#.#####.##
#.#
#.....g@.#
#.#
#......5s#
#<.......#
..)......#
#..=.....#
........#
.......#
......#
#.#


You could see Grinder, a giant mite and a goblin.

Vanquished Creatures
  Jessica (D:2)
  Terence (D:2)
  2 adders
  2 worms (D:2)
  3 giant geckos
  2 oozes
  5 bats
  5 giant cockroaches
  2 hobgoblins (D:1)
  7 jackals
  4 kobolds
  A giant newt (D:1)
  5 goblins
  2 quokkas
  4 rats
46 creatures vanquished.

Notes
Turn   | Place    | Note
--------------------------------------------------------------
     0 | D:1      | Kae, the Draconian Transmuter, began the quest for the Orb.
     0 | D:1      | Reached XP level 1. HP: 16/16 MP: 1/1
   320 | D:1      | Reached XP level 2. HP: 21/23 MP: 3/3
   421 | D:1      | Found a one-way gate to the infinite horrors of the Abyss.
   421 | D:1      | Found a corrupted altar of Lugonu.
   421 | D:1      | Noticed a quasit
   421 | D:1      | Noticed a quasit
   421 | D:1      | Noticed an iron imp
   422 | D:1      | Noticed a demonic crawler
   423 | D:1      | Noticed a quasit
  1053 | D:2      | Reached skill level 4 in Unarmed Combat
  1053 | D:2      | Reached XP level 3. HP: 19/28 MP: 2/4
  1065 | D:2      | Noticed Jessica
  1278 | D:2      | Killed Jessica
  1579 | D:2      | Noticed Terence
  1662 | D:2      | HP: 1/28 [Terence/hand axe (3)]
  2033 | D:2      | Reached XP level 4. HP: 30/35 MP: 6/6
  2152 | D:2      | Killed Terence
  2608 | D:3      | Noticed Grinder
  2613 | D:3      | Paralysed by Grinder for 6 turns
  2620 | D:3      | Mangled by Grinder

Action                   |  1- 3 |  4- 6 || total
-------------------------+-------+-------++-------
Melee: Unarmed           |   130 |    53 ||   183
 Cast: Beastly Appendage |     5 |     6 ||    11
  Use: Potion            |     1 |     3 ||     4
